 Dungeon Crawl Stone Soup version 0.18.1-6-gd335043 (webtiles) character file.

190 Gingerlord the Skirmisher (level 6, 0/49 HPs)
             Began as a Formicid Abyssal Knight on May 17, 2016.
             Was a Priest of Lugonu.
             Slain by Grinder (10 damage)
             ... on level 3 of the Dungeon.
             The game lasted 00:05:04 (3139 turns).

Gingerlord the Skirmisher (Formicid Abyssal Knight) Turns: 3139, Time: 00:05:04

Health: 0/49       AC:  5    Str: 16    XL:     6   Next: 1%
Magic:  7/8        EV: 12    Int: 12    God:    Lugonu [***...]
Gold:   167        SH:  4    Dex: 12    Spells: 0 memorised, 5 levels left

rFire  . . .     SeeInvis +     a - +1 falchion
rCold  . . .     Gourm    +     b - +0 leather armour
rNeg   . . .     Faith    .     o - +0 buckler
rPois  .         Spirit   .     (helmet unavailable)
rElec  .         Dismiss  .     (no cloak)
rCorr  .         Reflect  .     (no gloves)
SustAt .         Harm     .     (no boots)
MR     .....                    w - amulet of the gourmand
Stlth  +.........               (no ring)
                                s - +2 ring of protection

@: not resistant to hostile enchantments, very unstealthy
A: permanent stasis, dig shafts and tunnels, four strong arms, antennae 3
a: Dig, Shaft Self, Depart the Abyss, Bend Space, Banish, Renounce Religion


You were on level 3 of the Dungeon.
You worshipped Lugonu.
Lugonu was most pleased with you.
You were not hungry.

You visited 1 branch of the dungeon, and saw 3 of its levels.
You visited the Abyss 1 time.

You collected 167 gold pieces.

Inventory:

Hand Weapons
 a - a +1 falchion (weapon)
Armour
 b - a +0 leather armour (worn)
 o - a +0 buckler (worn)
Jewellery
 s - a +2 ring of protection (left hand)
 w - an amulet of the gourmand (around neck)
Scrolls
 d - 2 scrolls of remove curse {unknown}
 e - 3 scrolls of enchant armour {unknown}
 g - a scroll of random uselessness {unknown}
 i - a scroll of blinking {unknown}
 j - a scroll of magic mapping {unknown}
 q - a scroll of teleportation {unknown}
 x - a scroll of identify {unknown}
Potions
 f - a potion of agility {unknown}
 h - a potion of brilliance
 n - a potion of flight
 p - a potion of resistance {unknown}
 r - a potion of magic
Books
 u - a book of Maledictions

   Spells                             Type                      Level
   a - Corona                         Hexes                        1
   b - Ensorcelled Hibernation        Hexes/Ice                    2
   c - Confuse                        Hexes                        3
   d - Tukima's Dance                 Hexes                        3
   e - Dazzling Spray                 Conjuration/Hexes            3
Comestibles
 c - 2 bread rations
 m - 2 meat rations
 v - a slice of pizza
 z - 2 fruits


   Skills:
 + Level 4.3 Fighting
 + Level 2.8 Long Blades
 + Level 3.2 Armour
 + Level 2.1 Dodging
 + Level 2.0 Shields
 + Level 3.1 Invocations


You had 5 spell levels left.
You didn't know any spells.

Dungeon Overview and Level Annotations

Branches:
Dungeon (3/15)

Altars:
Dithmenos
Pakellas
Xom
The Shining One

Annotations:
D:3 Grinder


Innate Abilities, Weirdness & Mutations

You are under a permanent stasis effect.
You can dig through walls and to a lower floor.
Your four strong arms can wield two-handed weapons with a shield.
You have a pair of large antennae on your head (SInv).


Message History

You closely miss Grinder. Grinder closely misses you.
You barely miss Grinder. Grinder gestures at you.
Pain shoots through your body!
Unknown command.
Grinder blinks!
Grinder hits you but does no damage.
You see here a scroll labeled ISME EGIL KITZ.
Grinder hits you!
* * * LOW HITPOINT WARNING * * *
Drink which item? (? for menu, Esc to quit)
Okay, then.
You aren't in the Abyss!
Unknown command.
Space bends around you!
You blink.
* * * LOW HITPOINT WARNING * * *
You feel slightly more hungry.
Drink which item? (? for menu, Esc to quit)
It was a potion of curing.
You feel better. Grinder hits you!
You die...

# ## #.# #..#
...##.# #..# ...
#.# #... ##..###.#
#### ..... .. #
#...# # #...# #
#...# # #@..# #
#5..# ##########
#...#####.........
#.........#######.
#?#.#####.# ##
#.### #.# # #.#
#†# #
#.#######.########
#.....)...........


You could see Grinder.

Vanquished Creatures
  A hound (D:3)
  A worker ant (D:3)
  6 gnolls (D:3)
  3 oozes
  A worm (D:3)
  2 dart slugs
  4 bats
  2 giant cockroaches (D:2)
  13 goblins
  10 hobgoblins
  6 jackals
  A quokka (D:2)
  A ball python (D:1)
  3 giant newts
  2 kobolds
  5 rats
61 creatures vanquished.

Notes
Turn   | Place    | Note
--------------------------------------------------------------
     0 | Abyss:1  | Gingerlord the Formicid Abyssal Knight began the quest for the Orb.
     0 | Abyss:1  | Reached XP level 1. HP: 18/18 MP: 2/2
    18 | D:1      | Escaped the Abyss
    75 | D:1      | Reached skill level 1 in Dodging
    79 | D:1      | Reached XP level 2. HP: 7/24 MP: 3/3
   602 | D:1      | Reached XP level 3. HP: 24/29 MP: 4/4
   701 | D:1      | Reached ** piety under Lugonu
  1287 | D:2      | Found a shadowy altar of Dithmenos.
  1288 | D:2      | Found an oddly glowing altar of Pakellas.
  1327 | D:2      | Reached XP level 4. HP: 33/37 MP: 5/5
  1949 | D:3      | Reached skill level 1 in Shields
  2187 | D:3      | Found a glowing golden altar of the Shining One.
  2188 | D:3      | Found a shimmering altar of Xom.
  2230 | D:3      | Reached skill level 4 in Fighting
  2230 | D:3      | Reached XP level 5. HP: 21/42 MP: 7/7
  2856 | D:3      | Reached *** piety under Lugonu
  3109 | D:3      | Reached XP level 6. HP: 40/49 MP: 8/8
  3115 | D:3      | Noticed Grinder
  3139 | D:3      | Slain by Grinder

Skill      XL: |  1  2  3  4  5 |
---------------+----------------+-----
Dodging        | 1 2 |  2.1
Shields        | 1 2 |  2.0
Fighting       | 4 |  4.3
Armour         | 3 |  3.2
Invocations    | 3 |  3.1
Long Blades    | |  2.8

Action                   |  1- 3 |  4- 6 || total
-------------------------+-------+-------++-------
Melee: Falchion          |   100 |   131 ||   231
Invok: Bend Space        |       |     1 ||     1
  Use: Potion            |       |     6 ||     6
  Eat: Chunk             |     1 |     7 ||     8
Armor: Leather armour    |    36 |    33 ||    69
Dodge: Dodged            |    76 |    83 ||   159
Block: Buckler           |       |    28 ||    28
